 Dungeon Crawl Stone Soup version 0.31-a0-675-g238779eb0a (webtiles) character file.

Game seed: 2219151256743627547

57868 microfolk the Warrior (level 14, -11/125 HPs)
             Began as a Barachi Reaver on Sept 1, 2023.
             Was the Champion of Cheibriados.
             Mangled by a death yak (22 damage)
             ... on level 5 of the Lair of Beasts on Sept 5, 2023.
             The game lasted 02:17:35 (27887 turns).

microfolk the Warrior (Barachi Reaver)             Turns: 27887, Time: 02:17:35

Health: -11/125    AC: 13    Str: 29    XL:     14   Next: 88%
Magic:  4/29       EV: 12    Int: 38    God:    Cheibriados [******]
Gold:   947        SH:  7    Dex: 26    Spells: 17/35 levels left

rFire   . . .        b - +3 spear "Ogreslayer" {heavy, Int+5}
rCold   . . .        j - +0 buckler
rNeg    . . .        I - +0 ring mail {rPois}
rPois   +            p - +1 helmet
rElec   .            (no cloak)
rCorr   .            x - +0 pair of gloves
SInv    .            (no boots)
Will    ++...        (no amulet)
Stlth   +            B - +4 ring of protection
HPRegen 0.40/turn    y - ring of willpower
MPRegen 0.21/turn

%: no passive effects
@: very slow
A: amphibious, slowness 1, strong legs 2, +LOS
a: Hop, Renounce Religion, Bend Time, Temporal Distortion, Slouch, Step From
Time


You were on level 5 of the Lair of Beasts.
You worshipped Cheibriados.
Cheibriados was exalted by your worship.
You visited 3 branches of the dungeon, and saw 16 of its levels.
You also visited: Sewer and Volcano.

You collected 947 gold pieces.

Inventory:

Hand Weapons
 a - a +1 whip of electrocution
 b - the +3 spear "Ogreslayer" (weapon) {heavy, Int+5}
   (You took it off an orc wizard on level 8 of the Dungeon)

   Int+5:     It affects your intelligence (+5).
 O - a +0 sling
 P - the +8 mace of Bellicose Action {venom, rElec rPois rF+ Str+2}
   (You found it on level 10 of the Dungeon)

   Str+2:     It affects your strength (+2).
   rF+:       It protects you from fire.
   rElec:     It insulates you from electricity.
   rPois:     It protects you from poison
Missiles
 c - 100 stones
 n - 8 curare-tipped darts
 A - 19 poisoned darts (quivered)
Armour
 d - a +1 scale mail of cold resistance
 j - a +0 buckler (worn)
 p - a +1 helmet (worn)
 w - the +7 leather armour of Patterns {rF+ Will++ Int-3}
   (You found it on level 4 of the Dungeon)

   Int-3:     It affects your intelligence (-3).
   rF+:       It protects you from fire.
   Will++:    It greatly increases your willpower.
 x - a +0 pair of gloves (worn)
 I - a +0 ring mail of poison resistance (worn)
Jewellery
 q - a +4 ring of protection
 y - a ring of willpower (right hand)
 B - a +4 ring of protection (left hand)
 C - a ring of protection from cold
 K - a ring of wizardry
 L - an amulet of regeneration
 R - a ring of fire
Wands
 r - a wand of roots (2)
 z - a wand of polymorph (13)
 E - a wand of paralysis (3)
 J - a wand of light (4)
 N - a wand of digging (2)
 T - a wand of flame (1)
Scrolls
 e - a scroll of brand weapon {unknown}
 f - 2 scrolls of enchant armour
 g - 2 scrolls of blinking
 h - 3 scrolls of noise {unknown}
 i - a scroll of vulnerability {unknown}
 l - a scroll of poison
 m - 2 scrolls of amnesia
 o - 3 scrolls of enchant weapon {unknown}
 s - 3 scrolls of fog
 v - 7 scrolls of teleportation
 H - 2 scrolls of fear
 M - a scroll of revelation
 S - a scroll of torment {unknown}
 U - a scroll of immolation {unknown}
 V - a scroll of identify {@r1}
 W - a scroll of summoning {unknown}
Potions
 k - 7 potions of enlightenment
 t - 4 potions of cancellation
 u - 3 potions of curing {@q1}
 D - 3 potions of attraction
 F - 4 potions of might
 G - 4 potions of mutation
 Q - a potion of brilliance


   Skills:
 + Level 16.2 Fighting
 - Level 4.3 Long Blades
 - Level 3.0 Maces & Flails
 - Level 4.1 Armour
 - Level 2.1 Dodging
 - Level 5.0 Shields
 + Level 11.3 Spellcasting
 - Level 10.0 Conjurations
 * Level 3.8 Necromancy
 - Level 6.0 Translocations
 - Level 8.0 Ice Magic
 - Level 6.0 Poison Magic
 + Level 10.4 Invocations


You had 17 spell levels left.
You knew the following spells:

 Your Spells              Type           Power      Damage    Failure   Level
a - Poisonous Vapours     Pois/Air       88%        N/A       1%          2
b - Hailstorm             Conj/Ice       74%        3d15      1%          3
c - Iskenderun's Mystic   Conj/Tloc      70%        2d14      1%          4
d - Kiss of Death         Conj/Necr      100%       2d13      1%          1
e - Olgreb's Toxic Radia  Pois           61%        N/A       2%          4
f - Sticky Flame          Conj/Fire      56%        2d7       3%          4

Your spell library contained the following spells:

 Spells                   Type           Power      Damage    Failure   Level
 Freeze                   Ice            100%       1d10      1%          1
 Necrotise                Necr           100%       1d9       1%          1
 Sting                    Tmut/Pois      100%       1d8       1%          1
 Cigotuvi's Dreadful Rot  Necr/Pois/Air  92%        N/A       1%          2
 Ensorcelled Hibernation  Hex/Ice        100%       N/A       1%          2
 Momentum Strike          Conj/Tloc      100%       3d10      1%          2
 Frozen Ramparts          Ice            100%       1d16      1%          3
 Vampiric Draining        Necr           50%        2d9       1%          3
 Volatile Blastmotes      Fire/Tloc      88%        2d17      2%          3
 Ignite Poison            Fire/Tmut/Pois 36%        N/A       3%          3
 Fulminant Prism          Conj/Hex       28%        3d14      3%          4
 Passwall                 Tmut/Erth      17%        N/A       4%          2
 Dispel Undead            Necr           50%        3d19      6%          4
 Inner Flame              Hex/Fire       21%        N/A       9%          3
 Swiftness                Air            21%        N/A       9%          3
 Agony                    Necr           50%        N/A       16%         5
 Simulacrum               Ice/Necr       30%        N/A       36%         6
 Yara's Violent Unravell  Hex/Tmut       10%        3d6       61%         5
 Death Channel            Necr           25%        N/A       65%         6
 Ozocubu's Refrigeration  Ice            35%        4d15      65%         7
 Enfeeble                 Hex            10%        N/A       100%        7
 Ignition                 Fire           10%        3d5       100%        8
 Polar Vortex             Ice            35%        12d4*     100%        9


Dungeon Overview and Level Annotations

Branches:
Dungeon (10/15)            Temple (1/1) D:6            Lair (5/5) D:8
  Swamp (0/4) Lair:2       Spider (0/4) Lair:2        Slime (0/5) Lair:4
  Sewer (visited)         Volcano (visited)
    Orc: D:9-12

Altars:
Ashenzari
Cheibriados
Dithmenos
Elyvilon
Fedhas
Gozag
Hepliaklqana
Kikubaaqudgha
Makhleb
Nemelex Xobeh
Okawaru
Qazlal
Ru
Sif Muna
Trog
Uskayaw
Wu Jian
Xom
Yredelemnul
Zin
The Shining One
Jiyva

Shops:
D:8 (   D:10 **

Annotations:
D:7 Erica
D:9 2 transporters, Tenar's ghost, novice DsRe
D:10 Nergalle
Lair:1 Fannar
Lair:4 exclusion: oklob plant


Innate Abilities, Weirdness & Mutations

You are amphibious.
You cover ground slowly.
You can hop long distances.
You have an extended range of vision and can be seen from far away.


Message History

The death yak gores you but does no damage.
The death yak attacks as it pursues you!
The death yak gores you! The death yak closely misses you.
The death yak gores you but does no damage.
The death yak gores you!!
Things that are here:
the +2 falchion "Grim Tooth" {heavy, MP+9}; a komodo dragon skeleton You barely miss the death yak.
The death yak is severely wounded.
The death yak gores you! You block the death yak's attack.
The death yak barely misses you. x2; The death yak gores you!!
* * * LOW HITPOINT WARNING * * *
You block the death yak's attack.
Okay, then.
Okay, then.
Okay, then.
Aiming: Fastroot
Press: ? - help, Shift-Dir - straight line, f/p - death yak
Aim: a death yak (severely wounded, very poisoned)
The roots erupt in riotous growth!
Roots grab the death yak. x3
You are ready to hop once more.
The grasping roots constrict the death yak. x3
The death yak gores you!
* * * LOW HITPOINT WARNING * * *
The death yak closely misses you. The death yak barely misses you.
The grasping roots constrict the death yak! x2
The grasping roots constrict the death yak.
The roots release their grip on the death yak. x3
The death yak attacks as it pursues you!
The death yak gores you!
* * * LOW HITPOINT WARNING * * *
The death yak gores you.
* * * LOW HITPOINT WARNING * * *
The death yak gores you!
* * * LOW HITPOINT WARNING * * *
The death yak gores you.
* * * LOW HITPOINT WARNING * * *
The death yak gores you!!
You die...

##......................
#....................#..
#..................###
#.................##
##..#.#...........######
#....#...............#.#
##..##..................
#.....#YY...............
#...##.@Y...........##.
##..###.............#
#P...#.............##
#.............^....#
#..................#
#..................#.
##.........P..........
#...........P...........
###....##....#.#....#...#


You could see 3 death yaks.

Vanquished Creatures
  Gastronok (D:8)
  2 hydras
  A boulder beetle (Lair:2)
  A two-headed ogre (D:8)
  13 death yaks
  A hell knight (Volcano)
  Sonja (Lair:4)
  3 skysharks
  A lindwurm (Lair:4)
  An ugly thing (D:8)
  A manticore (D:9)
  11 elephants
  4 black mambas
  A smoke demon (Volcano)
  12 cane toads
  2 molten gargoyles (Volcano)
  A torpor snail (Lair:5)
  18 rime drakes
  11 komodo dragons
  3 trolls
  2 hornets (D:9)
  A meliai (Lair:2)
  21 blink frogs
  11 dream sheep
  A slime creature (D:8)
  11 wyverns
  33 yaks
  A vampire (D:9)
  4 humans (Lair:3)
  8 basilisks
  2 fire bats (Volcano)
  6 steam dragons
  12 water moccasins
  3 wargs (D:8)
  A swamp worm (Lair:2)
  3 acid dragons
  4 hell hounds (Volcano)
  6 orc warriors
  3 black bears
  A sky beast (D:8)
  An ogre (D:6)
  15 wolves
  8 centaurs
  A phantom (D:4)
  A lemure (D:4)
  12 bullfrogs
  4 scorpions
  14 wights
  14 killer bees
  3 howler monkeys (D:8)
  7 lava snakes (Volcano)
  4 jellies
  2 hounds
  5 orc priests
  A gnoll bouda (D:8)
  2 sleepcaps
  Ijyb (D:4)
  Terence (D:3)
  12 hell rats
  7 iguanas
  14 orc wizards
  A sickly merfolk siren (Sewer)
  A malarious merfolk avatar (Sewer)
  A mummy (D:4)
  15 adders
  A gnoll (D:2)
  5 river rats
  2 white imps
  An ufetubus (D:6)
  3 dart slugs
  45 orcs
  4 bats
  8 endoplasms
  7 giant cockroaches
  5 goblins
  7 hobgoblins
  7 jackals (D:1)
  2 quokkas
  8 ball pythons
  7 frilled lizards
  2 hobgoblin zombies (D:4)
  4 kobolds
  2 orc zombies (D:4)
  31 rats
521 creatures vanquished.

Vanquished Creatures (others)
  A rime drake (Lair:2)
  An orc wizard (D:4)
  An orc (D:8)
3 creatures vanquished.

Grand Total: 524 creatures vanquished

Notes
Turn   | Place    | Note
-------+----------+-------------------------------------------
     0 | D:1      | microfolk the Barachi Reaver began the quest for the Orb.
     0 | D:1      | Reached XP level 1. HP: 17/17 MP: 3/3
   192 | D:1      | Reached XP level 2. HP: 23/23 MP: 5/5
   327 | D:1      | Found a faded altar of an unknown god.
   903 | D:1      | Reached XP level 3. HP: 28/28 MP: 6/6
   915 | D:1      | Reached skill level 3 in Fighting
  1605 | D:2      | Reached XP level 4. HP: 35/35 MP: 8/8
  1934 | D:2      | Learned a level 3 spell: Hailstorm
  2050 | D:3      | Noticed Terence
  2365 | D:3      | Killed Terence
  2366 | D:3      | Reached skill level 1 in Ice Magic
  2366 | D:3      | Reached XP level 5. HP: 33/42 MP: 9/9
  3214 | D:2      | Reached skill level 4 in Fighting
  3626 | D:4      | Found a glowing golden altar of the Shining One.
  3723 | D:4      | Upgraded the game from 0.31-a0-662-g684573625c to
                  | 0.31-a0-675-g238779eb0a
  3727 | D:4      | Reached XP level 6. HP: 15/48 MP: 11/11
  4157 | D:4      | Found a glowing drain.
  4161 | Sewer    | Entered a sewer
  4471 | Sewer    | Reached XP level 7. HP: 49/55 MP: 13/13
  4944 | D:4      | Identified the +7 leather armour of Patterns {rF+ Will++
                  | Int-3}
  5064 | D:4      | Noticed Ijyb
  5067 | D:4      | Identified the +10 plate armour "Xuvvoq" {rF+}
  5100 | D:4      | Killed Ijyb
  5101 | D:4      | Reached skill level 5 in Fighting
  5101 | D:4      | Reached skill level 5 in Ice Magic
  5982 | D:5      | Entered Level 5 of the Dungeon
  6010 | D:5      | Reached skill level 5 in Conjurations
  6226 | D:4      | Reached XP level 8. HP: 59/64 MP: 15/15
  6284 | D:5      | Reached skill level 5 in Spellcasting
  6408 | D:5      | Found a stormy altar of Qazlal.
  6629 | D:5      | Reached skill level 6 in Fighting
  6973 | D:5      | Noticed Pikel
  6975 | D:5      | Pikel changed into Pikel the polar bear
  6975 | D:5      | Noticed Pikel
  6976 | D:5      | Pikel the polar bear changed into Pikel the cane toad
  6976 | D:5      | Noticed Pikel
  6997 | D:5      | Killed Pikel the cane toad
  7509 | D:5      | Reached skill level 7 in Fighting
  7509 | D:5      | Reached XP level 9. HP: 48/72 MP: 17/17
  7927 | D:5      | Found a burning altar of Makhleb.
  9405 | D:6      | Found a staircase to the Ecumenical Temple.
  9417 | Temple   | Entered the Ecumenical Temple
  9427 | Temple   | Became a worshipper of Cheibriados the Contemplative
  9723 | D:7      | Reached skill level 1 in Maces & Flails
 10072 | D:7      | Reached skill level 8 in Fighting
 10169 | D:7      | Learned a level 4 spell: Iskenderun's Mystic Blast
 10619 | D:8      | Reached skill level 1 in Translocations
 10700 | D:8      | Identified the +3 spear "Ogreslayer" {heavy, Int+5}
 10751 | D:8      | Noticed a two-headed ogre
 10919 | D:7      | Reached * piety under Cheibriados
 10973 | D:7      | Reached XP level 10. HP: 82/82 MP: 17/20
 11286 | D:8      | Killed a two-headed ogre
 11287 | D:8      | Reached skill level 9 in Fighting
 11287 | D:8      | Reached skill level 5 in Translocations
 12313 | D:8      | Identified the +1 chain mail of Exclusion {rElec Int+2
                  | Stlth+}
 12472 | D:8      | Noticed a green ugly thing
 12505 | D:8      | Killed a green ugly thing
 12506 | D:8      | Reached skill level 1 in Invocations
 12741 | D:8      | Reached ** piety under Cheibriados
 13161 | D:8      | Noticed Erica
 13206 | D:8      | Reached skill level 10 in Fighting
 13584 | D:8      | Found a staircase to the Lair.
 13723 | D:8      | Found Ywkim's Antique Weapon Emporium.
 13726 | D:8      | Noticed Gastronok
 13780 | D:8      | Killed Gastronok
 13781 | D:8      | Reached XP level 11. HP: 58/92 MP: 13/21
 14045 | D:9      | Found a transporter.
 14637 | D:9      | Reached skill level 10 in Conjurations
 14754 | D:9      | Reached *** piety under Cheibriados
 14841 | D:9      | Found a shimmering altar of Xom.
 14924 | D:9      | Found a shadowy altar of Dithmenos.
 15019 | D:9      | Reached skill level 1 in Armour
 15253 | D:9      | Identified the +0 robe of Woangam {Harm rF- Will+ Int+2}
 15742 | D:9      | Reached skill level 11 in Fighting
 15859 | D:9      | Noticed a manticore
 15895 | D:9      | Killed a manticore
 15896 | D:9      | Reached skill level 1 in Shields
 16006 | D:9      | Found a transporter.
 16006 | D:9      | Noticed Tenar's ghost (novice DsRe)
 16007 | D:9      | Noticed a two-headed ogre
 16009 | D:9      | Noticed a two-headed ogre
 16009 | D:9      | Identified the +5 giant club "Dragon's Tongue" {flame,
                  | rElec MP-9 Int-5 SInv}
 16009 | D:9      | Noticed a two-headed ogre
 16009 | D:9      | Noticed a two-headed ogre
 16373 | D:10     | Entered Level 10 of the Dungeon
 16600 | D:10     | Identified the +8 mace of Bellicose Action {venom, rElec
                  | rPois rF+ Str+2}
 16648 | D:10     | Learned a level 2 spell: Poisonous Vapours
 16675 | D:10     | Noticed Nergalle
 17162 | D:10     | Found Entiu's General Store.
 17164 | D:10     | Found Anwew's Specific Store.
 17246 | Lair:1   | Entered Level 1 of the Lair of Beasts
 17286 | Lair:1   | Reached skill level 1 in Poison Magic
 17776 | Lair:1   | Reached **** piety under Cheibriados
 17947 | Lair:1   | Noticed Fannar
 18214 | Lair:1   | Reached XP level 12. HP: 100/100 MP: 15/22
 18523 | Lair:1   | Reached skill level 5 in Shields
 18523 | Lair:1   | Reached skill level 5 in Invocations
 19206 | Lair:1   | Reached skill level 12 in Fighting
 19290 | Lair:2   | Found a dark tunnel.
 19352 | Lair:2   | Noticed a boulder beetle
 19407 | Lair:2   | Killed a boulder beetle
 19422 | Volcano  | Entered a volcano
 19511 | Volcano  | Learned a level 4 spell: Olgreb's Toxic Radiance
 19845 | Volcano  | Found a radiant altar of Vehumet.
 19850 | Volcano  | Reached skill level 5 in Poison Magic
 19931 | Volcano  | Noticed a hell knight
 19942 | Volcano  | Killed a hell knight
 20473 | Lair:2   | Learned a level 4 spell: Sticky Flame
 20533 | Lair:2   | Found a hole to the Spider Nest.
 20712 | Lair:2   | Found a staircase to the Swamp.
 21458 | Lair:3   | Noticed a skyshark
 21468 | Lair:3   | Killed a skyshark
 21469 | Lair:3   | Reached skill level 13 in Fighting
 21744 | Lair:3   | Gained mutation: You can hop long distances. [Barachi
                  | growth]
 21744 | Lair:3   | Reached XP level 13. HP: 100/111 MP: 9/24
 21944 | Lair:3   | Reached ***** piety under Cheibriados
 23251 | Lair:3   | Reached skill level 14 in Fighting
 24661 | Lair:3   | Reached skill level 15 in Fighting
 24661 | Lair:3   | Reached skill level 10 in Spellcasting
 24661 | Lair:3   | Reached XP level 14. HP: 113/123 MP: 7/28
 24919 | Lair:4   | Noticed Sonja
 24920 | Lair:4   | Killed Sonja
 25398 | Lair:4   | Found a viscous altar of Jiyva.
 25398 | Lair:4   | Found a staircase to the Slime Pits.
 25413 | Lair:4   | Reached ****** piety under Cheibriados
 26010 | Lair:4   | Reached skill level 10 in Invocations
 26623 | Lair:5   | Entered Level 5 of the Lair of Beasts
 26639 | Lair:5   | Reached skill level 1 in Necromancy
 27295 | Lair:4   | Reached skill level 16 in Fighting
 27611 | Lair:5   | Identified the +2 falchion "Grim Tooth" {heavy, MP+9}
 27887 | Lair:5   | Mangled by a death yak

Illustrated notes

Levels and vault maps discovered:
D:1:      dpeg_arrival_pond, layout_basic, dreamdust_ecumenical_altar_grove,
          minivault_24, minmay_domino_2
D:2:      layout_rooms, kennysheep_generic_room_9
D:3:      layout_rooms, minmay_tree_intersection, grunt_decor_clamped,
          st_stairs_12, columned_hall_lemuel, uniq_terence
D:4:      layout_basic, tso_oasis_becter, gup_sewer_entry_spiral,
          hangedman_decor_diamond_cutter, minmay_mini_ossuary, uniq_ijyb
D:5:      nicolae_cairo_tiling_large_dashed, layout_basic,
          mainiacjoe_overflow_swirl, uniq_pikel
D:6:      layout_rooms, temple_hall
D:7:      layout_gridville, wad_floor_pattern_untrapped
D:8:      nzn_winding_woodlands_medium [nzn_winding_woodlands_5x5_three,
          nzn_winding_woodlands_5x15_pool, nzn_winding_woodlands_5x5_default,
          nzn_winding_woodlands_5x5_open_star,
          nzn_winding_woodlands_center_diamonds,
          nzn_winding_woodlands_hourglass,
          nzn_winding_woodlands_5x5_closed_star,
          nzn_winding_woodlands_5x15_parted,
          nzn_winding_woodlands_5x5_checkerboard], layout_basic,
          erik_lair_orcish_takeover, serial_shops, nicolae_shop_tiny_glass,
          uniq_erica, uniq_gastronok
D:9:      kennysheep_ambush_hall, layout_basic, mainiacjoe_overflow_paths,
          xom_teletrap_fun, gammafunk_ghost_smash
D:10:     layout_gridville, nicolae_vehumet_radiance, nicolae_specific_store,
          nicolae_shop_firing_range, uniq_nergalle
Temple:   regret_index_temple_sphere_string
Lair:1:   layout_roguey, st_stairs_7, uniq_fannar
Lair:2:   layout_roguey, minmay_swamp_entry_worms,
          hellmonk_spider_entry_not_the_bees, nicolae_volcano_entry_lava_flow,
          bobbens_dragon_lair_wall
Lair:3:   slaughterhouse, layout_loops_ring, special_room
          [special_room_mythical_zoo], beast_lair_carwin_9
Lair:4:   layout_big_grid, nicolae_slime_entry_slimehenge, st_stairs_6,
          infiniplex_staircase_pool, uniq_sonja
Lair:5:   evilmike_catoblepas_cave, layout_small_grid

Skill      XL: |  1  2  3  4  5  6  7  8  9 10 11 12 13 14 |
---------------+-------------------------------------------+-----
Long Blades    | 4 |  4.3
Fighting       | 3 4 5 7 8 10 11 13 15 16 | 16.2
Spellcasting   | 3 4 5 7 10 11 | 11.3
Conjurations   | 4 5 7 9 10 | 10.0
Ice Magic      | 1 3 4 5 8 |  8.0
Maces & Flails | 3 |  3.0
Translocations | 2 6 |  6.0
Invocations    | 2 4 7 9 10 | 10.4
Armour         | 3 4 |  4.1
Shields        | 4 5 |  5.0
Poison Magic   | 2 6 |  6.0
Necromancy     | 3 |  3.8
Dodging        | |  2.1

Action                     |  1- 3 |  4- 6 |  7- 9 | 10-12 | 13-15 || total
---------------------------+-------+-------+-------+-------+-------++-------
  Melee: Falchion          |   115 |       |       |       |       ||   115
         Long sword        |     5 |   312 |   115 |       |       ||   432
         Punch             |       |     4 |     3 |       |       ||     7
         Whip              |       |       |   424 |   109 |    14 ||   547
         Spear             |       |       |       |    81 |    80 ||   161
  Throw: Dart              |     6 |    11 |       |    13 |       ||    30
         Stone             |       |     3 |       |       |     9 ||    12
   Cast: Hailstorm         |       |       |    24 |    92 |    50 ||   166
         Iskenderun's Myst |       |       |       |   172 |    39 ||   211
         Poisonous Vapours |       |       |       |    87 |   112 ||   199
         Sticky Flame      |       |       |       |     5 |    57 ||    62
         Olgreb's Toxic Ra |       |       |       |     5 |    36 ||    41
 Invoke: Slouch            |       |       |       |     1 |     4 ||     5
Ability: Hop               |       |     9 |    12 |    13 |    13 ||    47
  Evoke: Wand              |       |       |    12 |    12 |     2 ||    26
    Use: Scroll            |       |     3 |    13 |     6 |     1 ||    23
         Potion            |       |     2 |     2 |     4 |       ||     8
   Stab: Invisible         |       |       |       |     1 |       ||     1
 Armour: Leather armour    |    27 |     1 |   388 |   295 |       ||   711
         Ring mail         |    45 |    28 |       |    33 |   226 ||   332
         Chain mail        |       |    31 |       |       |       ||    31
         Scale mail        |       |   168 |    42 |       |       ||   210
         Skin              |       |       |     5 |     1 |       ||     6
  Dodge: Dodged            |    64 |   112 |   333 |   188 |   120 ||   817
  Block: Buckler           |       |       |       |    51 |    66 ||   117

Table legend: (Time is in decaauts)
 A = Elapsed time spent in this place.
 B = Non-inter-level travel time spent in this place.
 C = Inter-level travel time spent in this place.
 D = Time resting spent in this place.
 E = Time spent auto-exploring this place.
 F = Levels seen in this place.
 G = Mean time per level.
                   A        B        C        D        E       F      G
               +--------+--------+--------+--------+--------+-----+--------+
         Total |  36962 |  31570 |   5392 |   8966 |  13605 |  18 | 2053.4 |
       Dungeon |  20778 |  17107 |   3671 |   4391 |   7148 |  10 | 2077.8 |
        Temple |     27 |     16 |     11 |      0 |      0 |   1 |   27.0 |
          Lair |  14285 |  12576 |   1709 |   4000 |   6457 |   5 | 2857.0 |
         Sewer |    736 |    736 |      0 |    151 |      0 |   1 |  736.0 |
       Volcano |   1134 |   1134 |      0 |    423 |      0 |   1 | 1134.0 |
               +--------+--------+--------+--------+--------+-----+--------+

Top non-repeatable levels by time:
  Lair:3: 4764 daAuts
     D:8: 4184 daAuts
     D:9: 3279 daAuts
  Lair:4: 3244 daAuts
  Lair:1: 2778 daAuts
     D:5: 2507 daAuts
  Lair:2: 2269 daAuts
     D:4: 2231 daAuts
     D:7: 2120 daAuts
     D:3: 1674 daAuts
     D:6: 1397 daAuts
     D:1: 1342 daAuts
  Lair:5: 1227 daAuts
 Volcano: 1134 daAuts
     D:2: 1126 daAuts
